 Dungeon Crawl Stone Soup version 0.32-a0-468-g38b2580584 (webtiles) character file.

Game seed: 3742705303298882293

25 Atlas the Conjurer (level 2, -3/19 HPs)
             Began as a Demonspawn Conjurer on Feb 25, 2024.
             Slain by a ribbon worm (4 damage)
             ... on level 2 of the Dungeon.
             The game lasted 00:01:07 (1046 turns).

Atlas the Conjurer (Demonspawn Conjurer)            Turns: 1046, Time: 00:01:07

Health: -3/19      AC:  2    Str:  7    XL:     2   Next: 86%
Magic:  5/5        EV: 11    Int: 18    God:
Gold:   79         SH:  7    Dex: 11    Spells: 4/5 levels left

rFire   . . .        (no weapon)
rCold   . . .        e - +0 buckler
rNeg    . . .        a - +0 robe
rPois   .            (no helmet)
rElec   .            (no cloak)
rCorr   .            (no gloves)
SInv    .            (no boots)
Will    .....        (no amulet)
Stlth   ++           (no ring)
HPRegen 0.23/turn    (no ring)
MPRegen 0.09/turn

%: no passive effects
@: no status effects
A: condensation shield
a: no special abilities


You were on level 2 of the Dungeon.
You visited 1 branch of the dungeon, and saw 2 of its levels.

You collected 79 gold pieces.

Inventory:

Armour
 a - a +0 robe (worn)
 e - a +0 buckler (worn)
Scrolls
 h - a scroll of teleportation {unknown}
 i - a scroll of identify {unknown}
Potions
 b - a potion of magic
 c - a potion of invisibility {unknown}
 d - a potion of brilliance {unknown}
 f - a potion of heal wounds {unknown}
 g - a potion of degeneration {unknown}


   Skills:
 + Level 2.0 Dodging
 + Level 1.8 Stealth
 + Level 2.1 Spellcasting
 + Level 4.7 Conjurations


You had 4 spell levels left.
You knew the following spells:

 Your Spells              Type           Power      Damage    Failure   Level
a - Magic Dart            Conj           72%        1d6       4%          1

Your spell library contained the following spells:

 Spells                   Type           Power      Damage    Failure   Level
 Searing Ray              Conj           36%        2d5       6%          2
 Ensorcelled Hibernation  Hex/Ice        2%         N/A       41%         2
 Passwall                 Erth           1%         N/A       65%         3
 Swiftness                Air            1%         N/A       65%         3
 Fulminant Prism          Conj/Alch      5%         3d7       75%         4
 Iskenderun's Mystic Bla  Conj/Tloc      10%        2d4       75%         4


Dungeon Overview and Level Annotations

Branches:
Dungeon (2/15)

Altars:


Innate Abilities, Weirdness & Mutations

A meltable shield of frost defends you. (SH +4)


Message History

The web tears apart.
A frilled lizard comes into view.
Found 10 gold pieces.
The frilled lizard hisses angrily.
A bat comes into view.
The ribbon worm expels a string of sticky webbing.
You block the stream of webbing.
The bat moves out of view.
The ribbon worm expels a string of sticky webbing.
The stream of webbing hits you but does no damage.
You are caught in a web!
There is a web here.
The web tears apart.
The frilled lizard attacks as it pursues you!
The frilled lizard misses you. The bat completely misses you.
You block the frilled lizard's attack. You block the frilled lizard's attack.
The bat hits you. The bat barely misses you. x2
You block the frilled lizard's attack. The ribbon worm bites you.
The frilled lizard bites you but does no damage.
The bat hits you but does no damage. You block the bat's attack.
The ribbon worm expels a string of sticky webbing.
You block the stream of webbing. The frilled lizard closely misses you.
The bat hits you. The ribbon worm bites you. The frilled lizard bites you.
The bat misses you. The frilled lizard barely misses you.
The ribbon worm bites you.
* * * LOW HITPOINT WARNING * * *
The bat barely misses you. The frilled lizard misses you.
The ribbon worm bites you but does no damage.
The frilled lizard bites you.
* * * LOW HITPOINT WARNING * * *
The bat misses you. You block the ribbon worm's attack.
You block the frilled lizard's attack. The bat closely misses you.
You block the ribbon worm's attack. The frilled lizard barely misses you.
The bat hits you.
* * * LOW HITPOINT WARNING * * *
You block the bat's attack. The frilled lizard misses you.
The ribbon worm closely misses you. The frilled lizard barely misses you.
The ribbon worm bites you.
You die...

#..# #.# # #..#
#.# # #..###..#
#.# # ......<.#
#.### #######
#..####.## ...
.......
#.$###...##..#
######.
#............##
#####.
#...##w..#.....
......
..#...@lb....##
######.
#...###.##.#...
....... ### ..#
.#.## ######.
#..# # # #.
#... #. #..# ..
#... .# #.## ..
.#


You could see a ribbon worm, a bat and a frilled lizard.

Vanquished Creatures
  2 bats (D:1)
  2 endoplasms (D:1)
  A giant cockroach (D:1)
  4 goblins (D:1)
  4 hobgoblins (D:1)
  A kobold (D:1)
  2 quokkas (D:1)
  2 ball pythons (D:1)
  2 rats (D:1)
20 creatures vanquished.

Notes
Turn   | Place    | Note
-------+----------+-------------------------------------------
     0 | D:1      | Atlas the Demonspawn Conjurer began the quest for the Orb.
     0 | D:1      | Reached XP level 1. HP: 13/13 MP: 3/3
   338 | D:1      | Gained mutation: A meltable shield of frost defends you.
                  | (SH +4) [demonic ancestry]
   338 | D:1      | Reached XP level 2. HP: 19/19 MP: 0/5
  1046 | D:2      | Slain by a ribbon worm

Illustrated notes

Levels and vault maps discovered:
D:1:      lemuel_arrival_hallway, layout_basic
D:2:      cheibrodos_helix_gallery, layout_loops_ring, basic_altar, hex_tiny,
          nicolae_wormholes, uniq_jessica, uniq_terence

Skill      XL: |  1 |
---------------+----+-----
Dodging        | 2 |  2.0
Stealth        | |  1.8
Spellcasting   | |  2.1
Conjurations   | |  4.7

Action                     || total
---------------------------++-------
  Melee: Unarmed           ||     3
   Cast: Magic Dart        ||    40
 Armour: Robe              ||    14
  Dodge: Dodged            ||    15
  Block: Buckler           ||    12

Table legend: (Time is in decaauts)
 A = Elapsed time spent in this place.
 B = Non-inter-level travel time spent in this place.
 C = Inter-level travel time spent in this place.
 D = Time resting spent in this place.
 E = Time spent auto-exploring this place.
 F = Levels seen in this place.
 G = Mean time per level.
                   A        B        C        D        E       F      G
               +--------+--------+--------+--------+--------+-----+--------+
         Total |   1046 |   1024 |     22 |      0 |    827 |   2 |  523.0 |
       Dungeon |   1046 |   1024 |     22 |      0 |    827 |   2 |  523.0 |
               +--------+--------+--------+--------+--------+-----+--------+

Top non-repeatable levels by time:
     D:1: 946 daAuts
     D:2: 100 daAuts
